 Dungeon Crawl Stone Soup version 0.30-a0-187-gd9c2deaf24 (webtiles) character file.

Game seed: 857709633995097974

63 Flugkiller the Sneak (level 3, 0/29 HPs)
             Began as a Mummy Delver on Oct 3, 2022.
             Was an Elder of Uskayaw.
             Killed from afar by Terence (9 damage)
             ... with a puff of flame
             ... on level 2 of the Dungeon.
             The game lasted 00:01:40 (1433 turns).

Flugkiller the Sneak (Mummy Delver)                 Turns: 1433, Time: 00:01:41

Health: 0/29       AC:  4    Str: 15    XL:     3   Next: 89%
Magic:  12/12      EV: 11    Int:  9    God:    Uskayaw [****..]
Gold:   162        SH:  0    Dex: 15    Spells: 2/2 levels left

rFire   x . .      SeeInvis .    g - +0 scimitar
rCold   + . .      Faith    +    (no shield)
rNeg    + + +      Spirit   .    b - +0 leather armour
rPois   ∞          Reflect  .    (no helmet)
rElec   .          Harm     .    j - +0 cloak
rCorr   .          Rampage  .    (no gloves)
Will    .....                    (no boots)
Stlth   ++........               (no amulet)
HPRegen 0.24/turn                i - ring of magical power
MPRegen 0.13/turn                (no ring)

@: no status effects
A: cold resistance 1, negative energy resistance 3, torment resistance 2, heat
vulnerability 1, in touch with death 1, no potions, faith
a: Renounce Religion, Stomp, Line Pass


You were on level 2 of the Dungeon.
You worshipped Uskayaw.
Uskayaw was noncommittal.
You visited 2 branches of the dungeon, and saw 6 of its levels.

You collected 162 gold pieces.

Inventory:

Hand Weapons
 a - a +0 falchion
 g - a +0 scimitar (weapon)
   (You found it on level 5 of the Dungeon)
Missiles
 d - 4 poisoned darts (quivered)
Armour
 b - a +0 leather armour (worn)
 j - a +0 cloak (worn)
   (You found it on level 1 of the Dungeon)
Jewellery
 i - a ring of magical power (left hand)
   (You found it on level 4 of the Dungeon)
Wands
 f - a wand of digging (3)
 h - a wand of charming (15)
   (You found it on level 4 of the Dungeon)
Scrolls
 c - a scroll of fog
 e - a scroll of fear
 k - a scroll of enchant weapon {unknown}
 l - 3 scrolls of enchant armour {unknown}
 m - 2 scrolls of identify {unknown}


   Skills:
 - Level 3.0 Fighting
 + Level 3.5 Long Blades
 - Level 1.5 Dodging
 - Level 4.1 Stealth


You had 2 spell levels left.
You didn't know any spells.
Your spell library was empty.

Dungeon Overview and Level Annotations

Branches:
Dungeon (5/15) Zot: 25931  Temple (1/1) D:4 Zot: 5962

Altars:
Ashenzari
Makhleb
Qazlal
Sif Muna
Uskayaw
Vehumet
Xom
Yredelemnul

Annotations:
D:1 exclusion: gnoll
D:2 Terence


Innate Abilities, Weirdness & Mutations

You are immune to poison.
Your flesh is cold resistant. (rC+)
You are immune to negative energy. (rN+++)
You are immune to unholy pain and torment.
You are vulnerable to heat. (rF-)
You are in touch with the powers of death.
You do not drink.
You have a special connection with the divine. (Faith)


Message History

No target in view!
No target in view!
No target in view!
No target in view!
You climb downwards.
Level annotation: Terence The endoplasm quivers.
The endoplasm closely misses you. The kobold hits you but does no damage.
There is a stone staircase leading up here.
The endoplasm closely misses you. The kobold misses you.
You climb upwards.
Level annotation: exclusion: gnoll
There is a stone staircase leading down here.
You slash the endoplasm!
You kill the endoplasm!
The kobold barely misses you.
Uskayaw will force your foes to helplessly watch your dance.
Uskayaw prepares the audience for your solo!
The helpless kobold fails to defend itself.
You slash the kobold!
You kill the kobold!
No target in view!
No target in view!
No target in view!
No target in view!
No target in view!
No target in view!
No target in view!
No target in view!
No target in view!
No target in view!
You climb downwards.
Level annotation: Terence The bat hits you but does no damage.
The endoplasm hits you but does no damage.
The giant cockroach bites you but does no damage.
The bat barely misses you. The endoplasm completely misses you.
There is a stone staircase leading up here.
The giant cockroach bites you but does no damage.
The endoplasm hits you but does no damage.
You climb upwards.
Level annotation: exclusion: gnoll
There is a stone staircase leading down here.
You hit the endoplasm.
The endoplasm is heavily wounded.
The giant cockroach closely misses you. The endoplasm barely misses you.
The giant cockroach barely misses you.
Uskayaw will force your foes to helplessly watch your dance.
You barely miss the endoplasm.
The endoplasm is heavily wounded.
The giant cockroach completely misses you.
The endoplasm freezes you.
You are frozen.
You resist.
You hit the endoplasm.
You kill the endoplasm!
The giant cockroach bites you but does no damage. x2
You completely miss the giant cockroach.
The giant cockroach bites you but does no damage.
You slash the giant cockroach!
You kill the giant cockroach!
No target in view!
No target in view!
No target in view!
No target in view!
No target in view!
No target in view!
No target in view!
No target in view!
You can't go up here!
You climb downwards.
Level annotation: Terence The bat hits you.
There is a stone staircase leading up here.
You hit the bat but do no damage. The bat hits you but does no damage. x2
The bat barely misses you.
You hit the bat.
You kill the bat!
Terence shouts!
Terence hits you with a +0 falchion.
You hit Terence but do no damage. Terence hits you with a +0 falchion.
You slash Terence!
Terence is heavily wounded.
Terence hits you with a +0 falchion.
You barely miss Terence.
Terence is heavily wounded.
Terence hits you with a +0 falchion.
You are too injured to fight recklessly!
You barely miss Terence.
Terence is heavily wounded.
Terence hits you with a +0 falchion.
You hit Terence.
Terence is heavily wounded.
Terence zaps a wand.
The puff of flame misses you.
Terence zaps a wand.
The puff of flame hits you. The fire burns you terribly!
Uskayaw will force your foes to share their pain.
You barely miss Terence.
Terence is heavily wounded.
Terence shouts, "Get ready for death!"
Terence zaps a wand.
The puff of flame hits you! The fire burns you terribly!
You die...

#........#
#........#
###........#
..........#
###
#........#
#.#
#.<......#
#.#
###...#...##
#.#
#..........#
#.#
#...@.......
#.#
#..@.....#..
#.##
#........# .
...#
.......)).#
.#.#
###.#...#..#
.#.#
..###.#..#
.#)# ## ...
.#..# .#.#
.#..# ## #.
.#.## .#.#


You could see Terence.

Vanquished Creatures
  3 adders
  A worm (D:2)
  2 dart slugs (D:1)
  An orc (D:4)
  2 ball pythons (D:1)
  3 bats
  5 endoplasms
  2 giant cockroaches (D:1)
  3 goblins
  A hobgoblin (D:1)
  2 frilled lizards (D:1)
  3 kobolds
  A rat (D:1)
29 creatures vanquished.

Notes
Turn   | Place    | Note
-------+----------+-------------------------------------------
     0 | D:5      | Flugkiller the Mummy Delver began the quest for the Orb.
     0 | D:5      | Reached XP level 1. HP: 18/18 MP: 1/1
     2 | D:5      | Found a basalt altar of Yredelemnul.
    30 | D:4      | Found a staircase to the Ecumenical Temple.
    60 | Temple   | Entered the Ecumenical Temple
    92 | Temple   | Became a worshipper of Uskayaw the Reveller
   123 | D:4      | Noticed a black bear
   135 | D:4      | Reached * piety under Uskayaw
   265 | D:2      | Reached ** piety under Uskayaw
   271 | D:2      | Reached *** piety under Uskayaw
   272 | D:2      | Reached XP level 2. HP: 12/24 MP: 2/2
   272 | D:2      | Reached **** piety under Uskayaw
   363 | D:2      | Gained mutation: You are in touch with the powers of death.
                  | [Mummy growth]
   363 | D:2      | Reached XP level 3. HP: 29/29 MP: 3/3
  1390 | D:2      | Noticed Terence
  1433 | D:2      | Killed from afar by Terence

Illustrated notes

Levels and vault maps discovered:
D:1:      zelgadis_glass_arrival_small, layout_basic
D:2:      layout_rooms, ebering_ecumenical_altar_mist, hex_intersection,
          minmay_cut_off, uniq_terence
D:3:      layout_basic, uniq_robin, uniq_ijyb
D:4:      layout_rooms, temple_pool_b, hangedman_abyss_or_decor_lesser_grid
D:5:      minmay_razor_zed, layout_loops_cross, yredelemnul_altar_generic,
          mainiacjoe_overflow_alcove_2
Temple:   nicolae_temple_ecumenical_triangle

Skill      XL: |  1  2  3 |
---------------+----------+-----
Long Blades    | 2 3 |  3.5
Fighting       | |  3.0
Dodging        | |  1.5
Stealth        | |  4.1

Action                   || total
-------------------------++-------
Melee: Scimitar          ||    93
  Use: Scroll            ||     1
 Stab: Sleeping          ||     7
       Paralysed         ||     2
Armor: Leather armour    ||    36
Dodge: Dodged            ||    63

Table legend: (Time is in decaauts)
 A = Elapsed time spent in this place.
 B = Non-inter-level travel time spent in this place.
 C = Inter-level travel time spent in this place.
 D = Time resting spent in this place.
 E = Time spent auto-exploring this place.
 F = Levels seen in this place.
 G = Mean time per level.
                   A        B        C        D        E       F      G
               +--------+--------+--------+--------+--------+-----+--------+
         Total |   1460 |   1410 |     50 |     75 |    883 |   6 |  243.3 |
       Dungeon |   1423 |   1377 |     46 |     75 |    880 |   5 |  284.6 |
        Temple |     37 |     33 |      4 |      0 |      3 |   1 |   37.0 |
               +--------+--------+--------+--------+--------+-----+--------+

Top non-repeatable levels by time:
     D:1: 1043 daAuts
     D:2: 192 daAuts
     D:4: 132 daAuts
  Temple: 37 daAuts
     D:5: 29 daAuts
     D:3: 24 daAuts
